| TOP OF THE 1ST |
|
Mahoning Valley Scrappers batting - Pitching for Tri-City ValleyCats : RHP Hector Carrillo
|
|
Pitching: RHP Hector Carrillo
|
|
|
Batting: RHB Chris Folse
|
0-0: Foul Ball, location: 2F 0-1: Foul Ball, location: 2F 0-2: Ball 1-2: Foul Ball, location: 2F 1-2: Ball 2-2: Strikes out swinging
|
|
Batting: RHB Leo Candelas
|
0-0: Called Strike 0-1: Fly out, F4 (Line Drive, 4, EV 73.8 MPH)
|
|
Batting: LHB Matt Steinke
|
0-0: Ball 1-0: Foul Ball, location: 2F 1-1: Ball 2-1: Ball 3-1: Foul Ball, location: 2F 3-2: Ground out 1-3 (Groundball, 13S, EV 67.5 MPH)
|
| Top of the 1st over - 0 runs, 0 hits, 0 errors, 0 left on base; Mahoning Valley 0 - Tri-City 0 |
| BOTTOM OF THE 1ST |
|
Tri-City ValleyCats batting - Pitching for Mahoning Valley Scrappers : LHP Ayaz bin Jalal
|
|
Pitching: LHP Ayaz bin Jalal
|
|
|
Batting: RHB Drew Coleman
|
0-0: Ball 1-0: Called Strike 1-1: Ball 2-1: Ball 3-1: Swinging Strike 3-2: Foul Ball, location: 2F 3-2: Foul Ball, location: 2F 3-2: Fly out, F8 (Line Drive, 8RM, EV 87.5 MPH)
|
|
Batting: LHB Jackson Trottier
|
0-0: Ball 1-0: Foul Ball, location: 2F 1-1: DOUBLE (Line Drive, 5D, EV 96.9 MPH)
|
|
Batting: RHB Andrew Pride
|
0-0: Called Strike 0-1: Foul Ball, location: 2F 0-2: Ball 1-2: Foul Ball, location: 2F 1-2: Strikes out swinging
|
|
Batting: RHB Josh Broome
|
0-0: Ground out 4-3 (Groundball, 4M, EV 109.4 MPH)
|
| Bottom of the 1st over - 0 runs, 1 hit, 0 errors, 1 left on base; Mahoning Valley 0 - Tri-City 0 |
| TOP OF THE 2ND |
|
Mahoning Valley Scrappers batting - Pitching for Tri-City ValleyCats : RHP Hector Carrillo
|
|
Batting: LHB Vinny Carreno
|
0-0: Swinging Strike 0-1: Ball 1-1: Ball 2-1: Foul Ball, location: 2F 2-2: Strikes out swinging
|
|
Batting: LHB Brandon Hopper
|
0-0: Ball 1-0: Ball 2-0: Fly out, F7 (Flyball, 78S, EV 80.6 MPH)
|
|
Batting: RHB Jason Harris
|
0-0: Fly out, F8 (Flyball, 8RXD, EV 101.9 MPH)
|
| Top of the 2nd over - 0 runs, 0 hits, 0 errors, 0 left on base; Mahoning Valley 0 - Tri-City 0 |
| BOTTOM OF THE 2ND |
|
Tri-City ValleyCats batting - Pitching for Mahoning Valley Scrappers : LHP Ayaz bin Jalal
|
|
Batting: RHB Hugo Priego
|
0-0: Ball 1-0: Ball 2-0: Foul Ball, location: 2F 2-1: Swinging Strike 2-2: Strikes out swinging
|
|
Batting: RHB John Moore
|
0-0: Ball 1-0: Called Strike 1-1: Called Strike 1-2: Ground out 1-3 (Groundball, 34S, EV 64.4 MPH)
|
|
Batting: SHB Benoît Morin
|
0-0: Foul Ball, location: 2F 0-1: Swinging Strike 0-2: Strikes out swinging
|
| Bottom of the 2nd over - 0 runs, 0 hits, 0 errors, 0 left on base; Mahoning Valley 0 - Tri-City 0 |
| TOP OF THE 3RD |
|
Mahoning Valley Scrappers batting - Pitching for Tri-City ValleyCats : RHP Hector Carrillo
|
|
Batting: RHB Jose Argueta
|
0-0: Ball 1-0: Called Strike 1-1: SINGLE (Groundball, 6MD, EV 99.4 MPH)
|
|
Batting: RHB Reynaldo Herrera
|
0-0: Ball 1-0: Foul Ball, location: 2F 1-1: 2-RUN HOME RUN (Line Drive, 78XD, EV 98.8 MPH), Distance : 402 ft
|
|
Batting: RHB Jesus Montana
|
0-0: Swinging Strike 0-1: Called Strike 0-2: Strikes out swinging
|
|
Batting: RHB Chris Folse
|
0-0: Ball 1-0: Ball 2-0: Ball 3-0: Base on Balls
|
|
Batting: RHB Leo Candelas
|
0-0: Ball 1-0: Swinging Strike 1-1: Ball 2-1: Swinging Strike 2-2: Foul Ball, location: 2F 2-2: Foul Ball, location: 2F 2-2: Ball 3-2: Fly out, F7 (Flyball, 7D, EV 99.4 MPH)
|
|
Batting: LHB Matt Steinke
|
0-0: Ball 1-0: Ball 2-0: Called Strike 2-1: Foul Ball, location: 2F 2-2: Ball Chris Folse is caught stealing 2nd base 2-6
|
| Top of the 3rd over - 2 runs, 2 hits, 0 errors, 0 left on base; Mahoning Valley 2 - Tri-City 0 |
| BOTTOM OF THE 3RD |
|
Tri-City ValleyCats batting - Pitching for Mahoning Valley Scrappers : LHP Ayaz bin Jalal
|
|
Batting: LHB Lu-po-teh Zhou
|
0-0: Ball 1-0: Ball 2-0: Swinging Strike 2-1: Ball 3-1: Foul Ball, location: 2F 3-2: Base on Balls
|
|
Batting: RHB Kenny Beall
|
0-0: Swinging Strike 0-1: Swinging Strike 0-2: Ball 1-2: Strikes out swinging
|
|
Batting: RHB Drew Coleman
|
0-0: DOUBLE (Line Drive, 78XD, EV 104.4 MPH) Lu-po-teh Zhou to third Runner from 3rd tries for Home, SAFE, no throw by CF
|
|
Batting: LHB Jackson Trottier
|
0-0: Called Strike 0-1: Swinging Strike 0-2: Ball 1-2: Ball 2-2: Foul Ball, location: 2F 2-2: Foul Ball, location: 2F 2-2: Ground out 6-3 (Groundball, 6, EV 92.5 MPH)
|
|
Batting: RHB Andrew Pride
|
0-0: Ball 1-0: SINGLE (Groundball, 6MD, EV 99.4 MPH) Drew Coleman to third Throwing error, E8 Drew Coleman scores Andrew Pride to second
|
|
Batting: RHB Josh Broome
|
0-0: SINGLE (Groundball, 34D, EV 105.0 MPH) Andrew Pride to third Runner from 3rd tries for Home, SAFE, throw by RF to home
|
|
Batting: RHB Hugo Priego
|
0-0: Ball 1-0: Ball 2-0: Fielders Choice at 2nd, U6 (Groundball, 6M, EV 109.4 MPH)
|
| Bottom of the 3rd over - 3 runs, 3 hits, 1 error, 1 left on base; Mahoning Valley 2 - Tri-City 3 |
| TOP OF THE 4TH |
|
Mahoning Valley Scrappers batting - Pitching for Tri-City ValleyCats : RHP Hector Carrillo
|
|
Batting: LHB Matt Steinke
|
0-0: Called Strike 0-1: Called Strike 0-2: Ball 1-2: Strikes out swinging
|
|
Batting: LHB Vinny Carreno
|
0-0: Ball 1-0: Ball 2-0: Foul Ball, location: 2F 2-1: SINGLE (Groundball, 4D, EV 93.8 MPH)
|
|
Batting: LHB Brandon Hopper
|
0-0: Ball 1-0: Ball Wild Pitch! Vinny Carreno to second 2-0: Foul Ball, location: 2F 2-1: Foul Ball, location: 2F 2-2: Foul Ball, location: 2F 2-2: Strikes out looking
|
|
Batting: RHB Jason Harris
|
0-0: Ball 1-0: Called Strike 1-1: Ball 2-1: Ground out 5-3 (Groundball, 56, EV 108.1 MPH)
|
| Top of the 4th over - 0 runs, 1 hit, 0 errors, 1 left on base; Mahoning Valley 2 - Tri-City 3 |
| BOTTOM OF THE 4TH |
|
Tri-City ValleyCats batting - Pitching for Mahoning Valley Scrappers : LHP Ayaz bin Jalal
|
|
Batting: RHB John Moore
|
0-0: Swinging Strike 0-1: Ground out 6-3 (Groundball, 6, EV 87.5 MPH)
|
|
Batting: SHB Benoît Morin
|
0-0: Ball 1-0: Called Strike 1-1: Ground out 4-3 (Groundball, 34, EV 80.6 MPH)
|
|
Batting: LHB Lu-po-teh Zhou
|
0-0: Ball 1-0: Swinging Strike 1-1: Fly out, F3 (Line Drive, 3L, EV 66.9 MPH)
|
| Bottom of the 4th over - 0 runs, 0 hits, 0 errors, 0 left on base; Mahoning Valley 2 - Tri-City 3 |
| TOP OF THE 5TH |
|
Mahoning Valley Scrappers batting - Pitching for Tri-City ValleyCats : RHP Hector Carrillo
|
|
Batting: RHB Jose Argueta
|
0-0: Ball 1-0: SOLO HOME RUN (Flyball, 78XD, EV 107.5 MPH), Distance : 405 ft
|
|
Batting: RHB Reynaldo Herrera
|
0-0: Ball 1-0: Ball 2-0: Ball 3-0: Called Strike 3-1: Base on Balls
|
|
Batting: RHB Jesus Montana
|
0-0: Ball 1-0: Ball 2-0: Foul Ball, location: 2F 2-1: Called Strike 2-2: Foul Ball, location: 2F 2-2: Foul Ball, location: 2F 2-2: Ball Reynaldo Herrera is caught stealing 2nd base 2-4 3-2: Base on Balls
|
|
Batting: RHB Chris Folse
|
0-0: Called Strike 0-1: Swinging Strike Passed Ball! Jesus Montana to second 0-2: Strikes out swinging
|
|
Batting: RHB Leo Candelas
|
0-0: Ball 1-0: Ball 2-0: Ground out 6-3 (Groundball, 6, EV 104.4 MPH)
|
| Top of the 5th over - 1 run, 1 hit, 0 errors, 1 left on base; Mahoning Valley 3 - Tri-City 3 |
| BOTTOM OF THE 5TH |
|
Tri-City ValleyCats batting - Pitching for Mahoning Valley Scrappers : LHP Ayaz bin Jalal
|
|
Batting: RHB Kenny Beall
|
0-0: Ball 1-0: Foul Ball, location: 2F 1-1: Swinging Strike 1-2: Ball 2-2: Strikes out looking
|
|
Batting: RHB Drew Coleman
|
0-0: Ball 1-0: Called Strike 1-1: Foul Ball, location: 2F 1-2: Ball 2-2: Strikes out swinging
|
|
Batting: LHB Jackson Trottier
|
0-0: Ball 1-0: Ball 2-0: Foul Ball, location: 2F 2-1: Ground out 5-3 (Groundball, 56, EV 92.5 MPH)
|
| Bottom of the 5th over - 0 runs, 0 hits, 0 errors, 0 left on base; Mahoning Valley 3 - Tri-City 3 |
| TOP OF THE 6TH |
|
Mahoning Valley Scrappers batting - Pitching for Tri-City ValleyCats : RHP Hector Carrillo
|
|
Batting: LHB Matt Steinke
|
0-0: Called Strike 0-1: Ball 1-1: Ball 2-1: Foul Ball, location: 2F 2-2: Ball 3-2: Base on Balls
|
|
Pitching: RHP Francisco Tejada
|
|
|
Batting: LHB Vinny Carreno
|
0-0: Called Strike 0-1: Called Strike 0-2: Strikes out swinging
|
|
Batting: LHB Brandon Hopper
|
0-0: Ball 1-0: Ball 2-0: Foul Ball, location: 2F 2-1: Ball 3-1: Fielders Choice at 2nd, 1-6 (Groundball, 34S, EV 65.6 MPH)
|
|
Batting: RHB Jason Harris
|
0-0: Called Strike 0-1: Ball 1-1: Ball 2-1: 2-RUN HOME RUN (Flyball, 9LD, EV 94.4 MPH), Distance : 340 ft
|
|
Batting: RHB Jose Argueta
|
0-0: Ground out 6-3 (Groundball, P, EV 84.4 MPH)
|
| Top of the 6th over - 2 runs, 1 hit, 0 errors, 0 left on base; Mahoning Valley 5 - Tri-City 3 |
| BOTTOM OF THE 6TH |
|
Tri-City ValleyCats batting - Pitching for Mahoning Valley Scrappers : LHP Ayaz bin Jalal
|
|
Batting: RHB Andrew Pride
|
0-0: Ball 1-0: Ground out 5-3 (Groundball, 5, EV 84.4 MPH)
|
|
Batting: RHB Josh Broome
|
0-0: Called Strike 0-1: Ball 1-1: Called Strike 1-2: Strikes out swinging
|
|
Batting: RHB Hugo Priego
|
0-0: Ball 1-0: Called Strike 1-1: Foul Ball, location: 2F 1-2: Foul Ball, location: 2F 1-2: Foul Ball, location: 2F 1-2: Foul Ball, location: 2F 1-2: SOLO HOME RUN (Flyball, 9D, EV 100.0 MPH), Distance : 371 ft
|
|
Batting: RHB John Moore
|
0-0: SINGLE (Groundball, 15S, EV 63.8 MPH) (infield hit)
|
|
Batting: SHB Benoît Morin
|
0-0: Ball 1-0: Swinging Strike 1-1: Called Strike 1-2: Ball 2-2: Ball 3-2: Strikes out swinging
|
| Bottom of the 6th over - 1 run, 2 hits, 0 errors, 1 left on base; Mahoning Valley 5 - Tri-City 4 |
| TOP OF THE 7TH |
|
Mahoning Valley Scrappers batting - Pitching for Tri-City ValleyCats : RHP Francisco Tejada
|
|
Batting: RHB Reynaldo Herrera
|
0-0: Swinging Strike 0-1: Ball 1-1: Ball 2-1: Ball 3-1: Called Strike 3-2: Strikes out swinging
|
|
Pinch Hitting: SHB Travis Burnett
|
0-0: Foul Ball, location: 2F 0-1: Ball 1-1: Foul Ball, location: 2F 1-2: Strikes out swinging
|
|
Batting: RHB Chris Folse
|
0-0: Called Strike 0-1: Foul Ball, location: 2F 0-2: Foul Ball, location: 2F 0-2: Strikes out swinging
|
| Top of the 7th over - 0 runs, 0 hits, 0 errors, 0 left on base; Mahoning Valley 5 - Tri-City 4 |
| BOTTOM OF THE 7TH |
|
Tri-City ValleyCats batting - Pitching for Mahoning Valley Scrappers : LHP Ayaz bin Jalal
|
|
Pitching: LHP Roberto Liza
|
|
|
Now at SS: Andy Lewis
|
|
|
Now in LF: Travis Burnett
|
|
|
Now in CF: Chris Folse
|
|
|
Now in RF: Jaquan Brown
|
|
|
Batting: LHB Lu-po-teh Zhou
|
0-0: Ball 1-0: Swinging Strike 1-1: Called Strike 1-2: Ball 2-2: Strikes out swinging
|
|
Batting: RHB Kenny Beall
|
0-0: Swinging Strike 0-1: Ball 1-1: Swinging Strike 1-2: Strikes out swinging
|
|
Batting: RHB Drew Coleman
|
0-0: Foul Ball, location: 2F 0-1: Called Strike 0-2: SINGLE (Groundball, 6MD, EV 98.1 MPH)
|
|
Batting: LHB Jackson Trottier
|
0-0: Fly out, F6 (Popup, 4MS, EV 74.4 MPH)
|
| Bottom of the 7th over - 0 runs, 1 hit, 0 errors, 1 left on base; Mahoning Valley 5 - Tri-City 4 |
| TOP OF THE 8TH |
|
Mahoning Valley Scrappers batting - Pitching for Tri-City ValleyCats : RHP Francisco Tejada
|
|
Pitching: RHP Vinny Salazar
|
|
|
Batting: RHB Leo Candelas
|
0-0: Ball 1-0: Ball 2-0: Called Strike 2-1: Fly out, F8 (Flyball, 8LS, EV 89.4 MPH)
|
|
Batting: LHB Matt Steinke
|
0-0: Ball 1-0: Called Strike 1-1: Ball 2-1: Called Strike 2-2: Foul Ball, location: 2F 2-2: Foul Ball, location: 2F 2-2: Foul Ball, location: 2F 2-2: Ball 3-2: Hit by Pitch
|
|
Batting: RHB Andy Lewis
|
0-0: Called Strike 0-1: Ball 1-1: Fly out, F8 (Flyball, 8RM, EV 75.0 MPH)
|
|
Pinch Hitting: LHB Dave Key
|
0-0: SINGLE (Line Drive, 8RS, EV 106.2 MPH) Matt Steinke to second Runner from 2nd tries for 3rd, OUT! 8-5
|
| Top of the 8th over - 0 runs, 1 hit, 0 errors, 1 left on base; Mahoning Valley 5 - Tri-City 4 |
| BOTTOM OF THE 8TH |
|
Tri-City ValleyCats batting - Pitching for Mahoning Valley Scrappers : LHP Roberto Liza
|
|
Now in CF: Jonathan Livingston
|
|
|
Now in RF: Chris Folse
|
|
|
Batting: RHB Andrew Pride
|
0-0: Ball 1-0: Swinging Strike 1-1: Ball 2-1: Foul Ball, location: 2F 2-2: SINGLE (Groundball, 56D, EV 101.2 MPH)
|
|
Batting: RHB Josh Broome
|
0-0: Called Strike 0-1: Ball 1-1: SINGLE (Line Drive, 78M, EV 93.8 MPH) Andrew Pride to second
|
|
Batting: RHB Hugo Priego
|
0-0: Ball 1-0: Foul Ball, location: 2F 1-1: Swinging Strike 1-2: Strikes out swinging
|
|
Batting: RHB John Moore
|
0-0: Called Strike 0-1: Ball Wild Pitch! Andrew Pride to third Josh Broome to second 1-1: Ball 2-1: Foul Ball, location: 2F 2-2: Foul Ball, location: 2F 2-2: Strikes out swinging
|
|
Batting: SHB Benoît Morin
|
0-0: Swinging Strike 0-1: Ball 1-1: Fly out, F6 (Popup, 6M, EV 50.0 MPH)
|
| Bottom of the 8th over - 0 runs, 2 hits, 0 errors, 2 left on base; Mahoning Valley 5 - Tri-City 4 |
| TOP OF THE 9TH |
|
Mahoning Valley Scrappers batting - Pitching for Tri-City ValleyCats : RHP Vinny Salazar
|
|
Batting: RHB Jason Harris
|
0-0: Foul Ball, location: 2F 0-1: Ball 1-1: TRIPLE (Flyball, 89XD, EV 105.0 MPH)
|
|
Batting: RHB Jose Argueta
|
0-0: Ball 1-0: Ball 2-0: Foul Ball, location: 2F 2-1: Foul Ball, location: 2F 2-2: Strikes out looking
|
|
Pitching: RHP Kevin Zika
|
|
|
Batting: RHB Reynaldo Herrera
|
0-0: Called Strike 0-1: Foul Ball, location: 2F 0-2: Ball 1-2: Ball 2-2: Strikes out swinging
|
|
Batting: SHB Travis Burnett
|
0-0: Ball 1-0: Foul Ball, location: 2F 1-1: Ground out U3 (Groundball, 3, EV 91.9 MPH)
|
| Top of the 9th over - 0 runs, 1 hit, 0 errors, 1 left on base; Mahoning Valley 5 - Tri-City 4 |
| BOTTOM OF THE 9TH |
|
Tri-City ValleyCats batting - Pitching for Mahoning Valley Scrappers : LHP Roberto Liza
|
|
Pitching: LHP Micah Watson
|
|
|
Batting: LHB Lu-po-teh Zhou
|
0-0: Called Strike 0-1: Foul Ball, location: 2F 0-2: Strikes out swinging
|
|
Batting: RHB Kenny Beall
|
0-0: Called Strike 0-1: Called Strike 0-2: Strikes out swinging
|
|
Batting: RHB Drew Coleman
|
0-0: SINGLE (Groundball, 4S, EV 65.0 MPH) (infield hit)
|
|
Batting: LHB Jackson Trottier
|
0-0: Foul Ball, location: 2F 0-1: Ball 1-1: Fielders Choice at 2nd, 6-4 (Groundball, 6, EV 79.4 MPH)
|
| Bottom of the 9th over - 0 runs, 1 hit, 0 errors, 1 left on base; Mahoning Valley 5 - Tri-City 4 |
|